Map: Simulacrum LE

Players

MikeHawk - Winner!

  • Race: Terran Terran
  • League: Master
  • Spawn Location: 11:00

ment

  • Race: Protoss Protoss
  • League: Master
  • Spawn Location: 5:00

VOD

Have the link to the VOD?

Description

Time

  • Played on: Dec. 18, 2019, 3:04 p.m.
  • Length: 8:00
Show
View Real Time Build Order
Export as new Build Order

MikeHawk Terran - Winner!

Build Orders: Reaper Expand 

Get SALT Encoding   

  12  0:00  SCV  
  13  0:12  SCV  
  14  0:17  Supply Depot  
  14  0:25  SCV  
  15  0:38  SCV  
  15  0:39  Barracks  
  16  0:43  Refinery  
  16  0:50  SCV  
  17  1:03  SCV  
  18  1:15  SCV  
  19  1:27  Orbital Command, Reaper  
  20  1:45  Command Center  
  20  1:53  SCV  
  21  1:57  Supply Depot  
  21  2:00  Marine  
  22  2:05  SCV  
  23  2:12  Factory  
  23  2:19  SCV  
  23  2:21  Refinery  
  24  2:23  Barracks Reactor  
  24  2:31  SCV  
  25  2:43  SCV  
  26  2:55  SCV  
  26  2:56  Factory Tech Lab  
  27  3:00  Marine x2  
  27  3:01  Orbital Command  
  27  3:03  Starport  
  29  3:08  SCV  
  30  3:18  Marine x2  
  32  3:20  SCV, Cyclone  
  36  3:27  SCV  
  36  3:32  SCV  
  38  3:36  Marine x2  
  38  3:39  Barracks  
  38  3:40  SCV  
  41  3:44  SCV, Supply Depot  
  42  3:52  Engineering Bay, SCV  
  42  3:55  Supply Depot  
  43  3:56  SCV  
  43  3:57  Refinery  
  44  4:03  Raven  
  44  4:05  Factory Tech Lab  
  44  4:06  SCV  
  44  4:08  SCV, Marine  
  44  4:09  Marine  
  50  4:14  Barracks  
  50  4:18  SCV  
  50  4:20  SCV  
  50  4:21  Terran Infantry Weapons Level 1  
  52  4:26  Supply Depot  
  52  4:30  SCV  
  53  4:32  SCV  
  53  4:33  Stimpack  
  56  4:38  Marauder  
  56  4:42  SCV  
  56  4:43  Supply Depot  
  56  4:44  SCV, Marine  
  59  4:45  Marine  
  60  4:54  SCV  
  60  4:56  SCV  
  64  5:00  Marauder  
  64  5:02  Refinery  
  64  5:06  SCV, Starport Reactor, Factory Reactor, Supply Depot  
  65  5:08  Combat Shield, SCV  
  65  5:11  Marauder  
  68  5:16  Marine x2  
  68  5:20  Supply Depot  
  70  5:22  Marauder  
  70  5:26  SCV  
  73  5:32  Marauder  
  73  5:33  Marine  
  73  5:34  Marine  
  77  5:42  Supply Depot  
  77  5:44  Supply Depot, Medivac x2, Widow Mine x2  
  77  5:46  Marauder  
  87  5:50  Supply Depot  
  87  5:53  Marine x2  
  87  5:54  Marauder  
  91  6:07  Command Center  
  91  6:09  Marauder  
  93  6:13  Concussive Shells  
  93  6:15  Marauder  
  93  6:17  Marine x2  
  97  6:22  Widow Mine  
  97  6:23  Widow Mine  
  101  6:28  Medivac  
  101  6:30  Medivac  
  105  6:33  Supply Depot  
  105  6:38  Marauder  
  105  6:39  Marauder  
  109  6:44  Marine x2  
  109  6:46  Widow Mine x2  
  112  7:00  Marauder  
  112  7:01  Marauder  
  116  7:03  Marine x2  
  116  7:07  Barracks  
  113  7:08  Barracks  
  112  7:19  Ghost Academy, Medivac x2, Widow Mine  
  112  7:20  SCV x2, Widow Mine  
  120  7:32  SCV x2  
  122  7:38  Marauder x2  
  122  7:42  Marine x2  
  125  7:44  SCV x2  
Show
View Real Time Build Order
Export as new Build Order

ment Protoss 

Build Orders: 1 Gate Expand 

Get SALT Encoding   

  12  0:01  Probe  
  13  0:14  Pylon  
  13  0:18  Probe (Chrono Boost)  
  14  0:27  Probe (Chrono Boost)  
  15  0:32  Probe (Chrono Boost)  
  16  0:44  Probe  
  16  0:47  Gateway  
  17  0:53  Assimilator  
  17  0:56  Probe  
  18  1:08  Probe (Chrono Boost)  
  19  1:20  Probe (Chrono Boost)  
  20  1:28  Probe (Chrono Boost)  
  20  1:31  Nexus  
  21  1:44  Cybernetics Core  
  21  1:55  Probe  
  21  1:58  Pylon  
  22  2:01  Assimilator  
  22  2:07  Probe  
  23  2:18  Stalker (Chrono Boost)  
  23  2:19  Probe  
  23  2:22  Warp Gate  
  26  2:31  Probe  
  23  2:59  Stalker  
  23  3:01  Probe (Chrono Boost)  
  26  3:08  Probe (Chrono Boost)  
  26  3:09  Pylon  
  28  3:17  Probe (Chrono Boost)  
  28  3:18  Probe (Chrono Boost)  
  29  3:22  Probe (Chrono Boost)  
  29  3:24  Probe  
  31  3:39  Probe (Chrono Boost)  
  31  3:40  Probe (Chrono Boost)  
  33  3:45  Stalker  
  33  3:47  Pylon  
  36  3:49  Robotics Facility  
  36  3:50  Probe (Chrono Boost)  
  36  3:52  Probe (Chrono Boost), Gateway  
  36  3:55  Probe (Chrono Boost), Assimilator  
  37  4:00  Probe  
  37  4:08  Gateway  
  37  4:09  Probe  
  38  4:12  Gateway  
  38  4:22  Shield Battery  
  38  4:25  Probe (Chrono Boost)  
  40  4:32  Twilight Council  
  40  4:33  Probe (Chrono Boost)  
  40  4:36  Probe (Chrono Boost)  
  41  4:40  Immortal (Chrono Boost)  
  41  4:41  Probe (Chrono Boost)  
  41  4:44  Probe  
  46  4:51  Gateway  
  47  4:54  Probe  
  47  4:58  Probe  
  49  5:02  Assimilator  
  49  5:06  Probe  
  50  5:07  Pylon  
  50  5:09  Charge (Chrono Boost)  
  50  5:10  Probe  
  50  5:12  Templar Archives, Observer  
  52  5:20  Probe  
  53  5:22  Probe  
  53  5:28  Psionic Storm, Gateway  
  54  5:30  Sentry  
  56  5:41  Probe x2  
  58  5:48  Gateway  
  58  5:52  Gateway  
  58  5:58  High Templar  
  58  6:00  Probe  
  58  6:03  Pylon  
  61  6:05  Pylon, Warp Prism  
  63  6:17  High Templar  
  65  6:23  Zealot  
  65  6:24  High Templar, Zealot  
  70  6:27  Pylon  
  70  6:30  Zealot x2  
  74  6:42  Zealot  
  74  6:43  Zealot  
  74  6:44  Zealot  
  74  6:46  Zealot  
  82  7:03  Zealot x4  
  82  7:04  Zealot x2  
  84  7:31  High Templar x2  
  84  7:32  Zealot x3  
  94  7:44  Zealot x3  
Tags
 
Add a new tag
Caveats
  • Supply blocks, unpowered buildings, or Contaminate may cause inaccurate times.
  • Supply counts are checked every 10 seconds.